 Dungeon Crawl Stone Soup version 0.28-a0-503-g83f2989fac (webtiles) character file.

Game seed: 7282035402021248254

58 pablusdiablus the Skirmisher (level 3, -6/34 HPs)
             Began as a Minotaur Fighter on Sept 20, 2021.
             Mangled by a wyvern zombie (9 damage)
             ... on level 3 of the Dungeon.
             The game lasted 00:08:10 (2602 turns).

pablusdiablus the Skirmisher (Minotaur Fighter)     Turns: 2602, Time: 00:08:11

Health: -6/34      AC:  9    Str: 21    XL:     3   Next: 75%
Magic:  2/2        EV: 10    Int:  5    God:
Gold:   80         SH:  4    Dex:  9    Spells: 2/2 levels left

rFire   + . .      SeeInvis .   j - +1 mace (drain)
rCold   . . .      Faith    .   c - +0 buckler
rNeg    . . .      Spirit   .   h - +2 ring mail {rF+}
rPois   .          Reflect  .   (helmet restricted)
rElec   .          Harm     .   (no cloak)
rCorr   .          Rampage  .   k - +0 pair of gloves
Will    .....                   (no boots)
Stlth   ..........              (no amulet)
HPRegen 0.11/turn               (no ring)
MPRegen 0.08/turn               (no ring)

@: mighty
A: horns 2, retaliatory headbutt
a: no special abilities


You were on level 3 of the Dungeon.
You visited 1 branch of the dungeon, and saw 3 of its levels.

You collected 80 gold pieces.

Inventory:

Hand Weapons
 a - a +0 war axe
 j - a +1 mace of draining (weapon)
 l - a +0 hunting sling
Missiles
 m - 113 stones (quivered)
Armour
 b - a +0 scale mail
 c - a +0 buckler (worn)
 h - a +2 ring mail of fire resistance (worn)
 k - a +0 pair of gloves (worn)
Scrolls
 e - a scroll of immolation {unknown}
 f - a scroll of amnesia {unknown}
 g - 2 scrolls of noise {unknown}
 i - a scroll of fog {unknown}
 n - a scroll of torment {unknown}
 o - a scroll of magic mapping {unknown}
 p - a scroll of enchant armour {unknown}
 r - a scroll of brand weapon {unknown}
 s - a scroll of blinking {unknown}
 t - a scroll of identify {unknown}
Potions
 q - a potion of invisibility {unknown}


   Skills:
 * Level 4.4 Fighting
 - Level 3.1(3.3) Axes
 + Level 0.2(1.9) Maces & Flails
 * Level 1.2(2.3) Polearms
 + Level 0.1 Throwing
 + Level 4.3 Armour
 - Level 3.6 Shields


You had 2 spell levels left.
You didn't know any spells.
Your spell library contained the following spells:

 Spells                   Type           Power      Damage    Failure   Level
 Freeze                   Ice            0%         1d3       65%         1
 Frozen Ramparts          Ice            0%         1d2       95%         3
 Hailstorm                Conj/Ice       0%         3d3       100%        4


Dungeon Overview and Level Annotations

Branches:
Dungeon (3/15)

Altars:

Shops:
D:1 (


Innate Abilities, Weirdness & Mutations

You have a pair of horns on your head.
You reflexively headbutt those who attack you in melee.


Message History

You throw a javelin. The javelin barely misses the quokka.
You throw a javelin. The javelin pierces through the quokka.
The quokka is heavily wounded.
You throw a javelin. The javelin closely misses the quokka.
The quokka closely misses you. The quokka barely misses you.
You furiously retaliate!
You headbutt the quokka!
You kill the quokka!
No target in view!
u - 3 javelins A worm comes into view.
You throw a javelin. The javelin completely misses the worm.
You hit the worm. You headbutt the worm.
The worm is severely wounded.
You hit the worm. Your headbutt misses the worm.
The worm is almost dead.
The worm bites you.
You hit the worm.
You kill the worm!
A wyvern zombie comes into view.
You throw a javelin.
The javelin pierces through the wyvern zombie.
The wyvern zombie is lightly damaged.
You throw a javelin.
The javelin pierces through the wyvern zombie.
The wyvern zombie is lightly damaged.
The wyvern zombie bites you!
You hit the wyvern zombie but do no damage.
The wyvern zombie is lightly damaged.
The wyvern zombie bites you.
You sock the wyvern zombie!
The wyvern zombie is moderately damaged.
The wyvern zombie bites you.
The wyvern zombie bites you but does no damage.
You hit the wyvern zombie.
The wyvern zombie is moderately damaged.
The wyvern zombie bites you! x2
* * * LOW HITPOINT WARNING * * *
You feel very mighty all of a sudden. The wyvern zombie bites you!
You die...

... ####+ ...
.....###### # ...
.....#....# ## .# ...
..........# .##(# #+#
..........### .(.. #
#+##........# ..# #
..##....###.#####..# #
#.......+......@Z..#
#.##....#...######$.....
# ##....#+### ...#.
#.....[..# #.# ...#
+........# # ...'
#........# ...#
#........# # #........#
# #........#### #


You could see a wyvern zombie.

Vanquished Creatures
  An adder (D:2)
  A worm (D:3)
  3 ball pythons
  4 endoplasms
  A giant cockroach (D:2)
  8 goblins
  3 hobgoblins
  6 kobolds
  5 quokkas
  5 bats
  2 frilled lizards (D:1)
  6 rats
45 creatures vanquished.

Notes
Turn   | Place    | Note
-------+----------+-------------------------------------------
     0 | D:1      | pablusdiablus the Minotaur Fighter began the quest for the
                  | Orb.
     0 | D:1      | Reached XP level 1. HP: 19/19 MP: 0/0
   208 | D:1      | Reached XP level 2. HP: 27/27 MP: 1/1
   517 | D:1      | Found a faded altar of an unknown god.
   644 | D:1      | Found Hoopiv's Antique Weapon Shop.
  1015 | D:2      | Reached XP level 3. HP: 4/34 MP: 2/2
  2020 | D:3      | Reached skill level 1 in Polearms
  2602 | D:3      | Mangled by a wyvern zombie

Illustrated notes

Levels and vault maps discovered:
D:1:      minmay_arrival_up_and_down, layout_basic, serial_shops, shop,
          basic_ecumenical_altar
D:2:      layout_loops_ring
D:3:      layout_basic

Skill      XL: |  1  2  3 |
---------------+----------+-----
Fighting       | 4 |  4.4
Axes           | 3 |  3.1
Armour         | 4 |  4.3
Polearms       | 1 |  1.2
Maces & Flails | |  0.2
Throwing       | |  0.1
Shields        | |  3.6

Action                   || total
-------------------------++-------
Melee: War axe           ||    56
       Headbutt          ||     7
       Mace              ||    28
Throw: Stone             ||    35
       Javelin           ||     6
  Use: Potion            ||     2
Armor: Scale mail        ||    19
       Ring mail         ||    22
Dodge: Dodged            ||    43
Block: Buckler           ||    19

Table legend: (Time is in decaauts)
 A = Elapsed time spent in this place.
 B = Non-inter-level travel time spent in this place.
 C = Inter-level travel time spent in this place.
 D = Time resting spent in this place.
 E = Time spent auto-exploring this place.
 F = Levels seen in this place.
 G = Mean time per level.
                   A        B        C        D        E       F      G
               +--------+--------+--------+--------+--------+-----+--------+
         Total |   2637 |   2483 |    154 |      0 |   2169 |   3 |  879.0 |
       Dungeon |   2637 |   2483 |    154 |      0 |   2169 |   3 |  879.0 |
               +--------+--------+--------+--------+--------+-----+--------+

Top non-repeatable levels by time:
     D:2: 1051 daAuts
     D:1: 988 daAuts
     D:3: 597 daAuts
